 Dungeon Crawl Stone Soup version 0.30-a0-737-gf23d94013f (webtiles) character file.

Game seed: 5259954185563953260

172568 browni3141 the Unseen (level 16, -4/117 HPs)
             Began as a Felid Necromancer on Feb 1, 2023.
             Was a Priest of Elyvilon.
             Slain by an enormous slime creature (65 damage)
             ... on level 1 of the Vaults on Feb 2, 2023.
             The game lasted 05:34:15 (61638 turns).

browni3141 the Unseen (Felid Necromancer)          Turns: 61638, Time: 05:34:16

Health: -4/117     AC: 16    Str: 11    XL:     16   Next: 85%
Magic:  29/34      EV: 14    Int: 29    God:    Elyvilon [***...]
Gold:   2036       SH:  0    Dex: 16    Spells: 1/41 levels left
                                        Lives:  0   Deaths: 3

rFire   + + .      SeeInvis +      - Unarmed
rCold   x . .      Faith    .    (shield unavailable)
rNeg    . . .      Spirit   .    (body armour unavailable)
rPois   +          Reflect  .    (helmet unavailable)
rElec   .          Harm     .    (cloak unavailable)
rCorr   .          Rampage  .    (gloves unavailable)
Will    ++++.                    (boots unavailable)
Stlth   ++++++++                 C - amulet of regeneration
HPRegen 1.19/turn                O - ring of Jout {Wiz +Blink Will++ Str-5 Stlth+}
MPRegen 0.24/turn                Q - +6 ring of intelligence

@: dragon-form, flying
A: dragon claw, dragon scales, breathe fire, flying, boosted hp, giant, (claws
1), (fangs 3), see invisible, (speed 1), (shaggy fur 3), (stealthy paws), no
weapons or thrown items, no armour, multi-lived, (camouflage 1), (cold
resistance 1)
}: 2/15 runes: serpentine, barnacled
a: Breathe Fire, End Transformation, Renounce Religion, Evoke Blink,
Purification, Heal Other, Heal Self


You were on level 1 of the Vaults.
You worshipped Elyvilon.
Elyvilon was most pleased with you.
You were a fearsome dragon!
You visited 8 branches of the dungeon, and saw 33 of its levels.
You also visited: Bailey and Ice Cave.

You collected 3830 gold pieces.
You spent 1794 gold pieces at shops.

Inventory:

Jewellery
 g - a ring of positive energy
 h - a ring of flight
 k - the ring "Hyptig" {rC+ rCorr Slay+2}
   (You took it off a naga mage on level 3 of the Snake Pit)

   [ring of resist corrosion]

   Slay:      It affects your accuracy & damage with ranged weapons and melee
   (+2).
   rC:        It protects you from cold.
   rCorr:     It protects you from acid and corrosion.
 r - a ring of resist corrosion
 w - a ring of willpower
 A - an amulet of faith
 C - an amulet of regeneration (around neck)
 E - a +5 ring of evasion
 J - an amulet of the acrobat
 L - an amulet of reflection
 O - the ring of Jout (left foreclaw) {Wiz +Blink Will++ Str-5 Stlth+}
   (You found it on level 4 of the Lair of Beasts)

   [ring of wizardry]

   It improves your spell success rate.
   Str:       It affects your strength (-5).
   +Blink:    It lets you blink.
   Will:      It greatly increases your willpower.
   Stlth:     It makes you more stealthy.
 Q - a +6 ring of intelligence (right foreclaw)
 T - a +5 ring of evasion
 Y - an amulet of guardian spirit
Wands
 v - a wand of mindburst (5)
 z - a wand of polymorph (5)
 F - a wand of charming (4)
 K - a wand of digging (6)
 R - a wand of flame (5)
Scrolls
 b - 6 scrolls of vulnerability
 c - 2 scrolls of torment
 d - 7 scrolls of enchant weapon
 j - 6 scrolls of silence
 l - 16 scrolls of teleportation
 n - 3 scrolls of fog
 s - 7 scrolls of immolation
 x - 6 scrolls of enchant armour
 y - 5 scrolls of brand weapon
 I - 9 scrolls of noise
 P - 8 scrolls of magic mapping
 U - 4 scrolls of identify
 V - a scroll of poison
Potions
 a - 5 potions of magic
 e - 2 potions of resistance
 f - 3 potions of curing
 i - 5 potions of degeneration
 o - 7 potions of flight
 p - 10 potions of attraction
 t - 5 potions of cancellation
 u - 9 potions of mutation
 G - 5 potions of lignification
 H - 5 potions of brilliance
 N - 5 potions of might
 S - a potion of haste
 X - 4 potions of ambrosia
Miscellaneous
 m - a phantom mirror
 q - a phial of floods
 B - a piece from Xom's chessboard (15/15)
 D - a condenser vane
 M - a lightning rod (4/4)
 W - a tin of tremorstones (inert)


   Skills:
 + Level 13.6 Fighting
 + Level 14.2 Dodging
 * Level 18.6 Stealth
 * Level 14.4 Unarmed Combat
 - Level 13.0 Spellcasting
 - Level 4.0 Hexes
 - Level 9.0 Summonings
 - Level 6.5 Necromancy
 - Level 5.0 Translocations
 - Level 14.0 Transmutations
 - Level 5.0 Invocations
 - Level 10.6 Evocations


You had one spell level left.
You knew the following spells:

 Your Spells              Type           Power      Damage    Failure   Level
a - Blade Hands           Tmut           39%        N/A       1%          5
b - Yara's Violent Unrav  Hex/Tmut       31%        3d13      1%          5
c - Irradiate             Conj/Tmut      28%        3d21      1%          5
d - Ice Form              Ice/Tmut       56%        N/A       1%          4
e - Call Canine Familiar  Summ           63%        N/A       1%          3
f - Summon Guardian Gole  Hex/Summ       54%        N/A       1%          3
g - Summon Cactus Giant   Summ           31%        N/A       4%          6
h - Lesser Beckoning      Tloc           94%        N/A       1%          2
i - Dragon Form           Tmut           39%        N/A       3%          7

Your spell library contained the following spells:

 Spells                   Type           Power      Damage    Failure   Level
 Beastly Appendage        Tmut           100%       N/A       0%          1
 Necrotise                Necr           100%       1d9       1%          1
 Summon Small Mammal      Summ           100%       N/A       1%          1
 Wereblood                Tmut           79%        N/A       0%          2
 Blink                    Tloc           94%        N/A       1%          2
 Cigotuvi's Dreadful Rot  Necr/Pois/Air  62%        N/A       1%          2
 Momentum Strike          Conj/Tloc      66%        3d9       1%          2
 Poisonous Vapours        Pois/Air       36%        N/A       1%          2
 Scorch                   Fire           36%        2d7       1%          2
 Static Discharge         Conj/Air       36%        2-4/arc   1%          2
 Gell's Gravitas          Tloc           47%        N/A       1%          3
 Ignite Poison            Fire/Tmut/Pois 45%        N/A       1%          3
 Inner Flame              Hex/Fire       30%        N/A       1%          3
 Kindle Blastsparks       Fire/Tloc/Air  56%        2d14      1%          3
 Spider Form              Tmut/Pois      56%        N/A       1%          3
 Teleport Other           Tloc           47%        N/A       1%          3
 Vampiric Draining        Necr           54%        2d9       1%          3
 Animate Dead             Necr           54%        N/A       1%          4
 Passage of Golubria      Tloc           47%        N/A       1%          4
 Summon Ice Beast         Ice/Summ       44%        N/A       1%          4
 Agony                    Necr           54%        N/A       1%          5
 Alistair's Intoxication  Tmut/Pois      37%        N/A       1%          5
 Summon Mana Viper        Hex/Summ       54%        N/A       2%          5
 Mephitic Cloud           Conj/Pois/Air  18%        N/A       3%          3
 Ozocubu's Armour         Ice            18%        N/A       3%          3
 Leda's Liquefaction      Hex/Erth       15%        N/A       4%          4
 Flame Wave               Conj/Fire      18%        2d7       11%         4
 Metabolic Englaciation   Hex/Ice        15%        N/A       13%         5
 Silence                  Hex/Air        15%        N/A       13%         5
 Monstrous Menagerie      Summ           31%        N/A       22%         7
 Arcjolt                  Conj/Air       9%         1d19      28%         5
 Fireball                 Conj/Fire      9%         3d6       28%         5
 Freezing Cloud           Conj/Ice/Air   9%         6-21      28%         5
 Iskenderun's Battlesphe  Conj           18%        2d7       28%         5
 Simulacrum               Ice/Necr       18%        N/A       38%         6
 Storm Form               Tmut/Air       28%        N/A       45%         7
 Spellforged Servitor     Conj/Summ      22%        N/A       78%         7
 Conjure Ball Lightning   Conj/Air       9%         3x3d6     82%         6
 Iron Shot                Conj/Erth      9%         9d3       82%         6
 Starburst                Conj/Fire      9%         6d5       82%         6
 Orb of Destruction       Conj           9%         9d6       100%        7
 Lehudib's Crystal Spear  Conj/Erth      9%         10d4      100%        8
 Polar Vortex             Ice            9%         N/A       100%        9
 Portal Projectile        Hex/Tloc       Unusable   N/A       N/A         3

Dungeon Overview and Level Annotations

Branches:
Dungeon (15/15)            Temple (1/1) D:6            Lair (5/5) D:10
 Shoals (4/4) Lair:3        Snake (4/4) Lair:2        Slime (0/5) Lair:4
    Orc (2/2) D:10            Elf (0/3) Orc:2        Vaults (1/5) D:13
 Depths (1/4) D:15         Bailey (visited)           IceCv (visited)

Altars:
Ashenzari
Cheibriados
Dithmenos
Elyvilon
Fedhas
Gozag
Hepliaklqana
Kikubaaqudgha
Makhleb
Nemelex Xobeh
Okawaru
Qazlal
Ru
Sif Muna
Trog
Uskayaw
Vehumet
Wu Jian
Xom
Yredelemnul
Zin
The Shining One

Shops:
D:10 (   D:15 (   Orc:2 :[*=(   Shoals:3 [   Snake:1 [*   Snake:2 ?
Vaults:1 =

Portals:
Hell: Depths:1
Trove: D:11 (give 6 scrolls of fear)

Annotations:
D:2 1 runed translucent door, Crazy Yiuf
D:8 exclusion: oklob plant
D:12 1 runed translucent door, exclusion: deep elf pyromancer, Efuan's ghost, journeyman MiFi; Nessos
D:14 Azrael
Lair:1 exclusion: oklob plant
Lair:2 exclusion: oklob plant
Shoals:3 exclusion: downstairs
Snake:4 exclusions: naga sharpshooter, naga warrior and 2 salamander tyrants, Bai Suzhen


Innate Abilities, Weirdness & Mutations

You are a fearsome dragon!
You have a powerful clawing attack.
Your giant scaled body is strong and resiliant, but less evasive.
You can breathe fire.
You are flying.
Your maximum health is greatly increased.
((You have sharp claws.))
((You have razor-sharp teeth.))
You have supernaturally acute eyesight. (SInv)
((You cover ground quickly. (Speed+)))
((Your thick and shaggy fur keeps you warm. (AC +3, rC+)))
((Your paws help you pounce on unaware monsters.))
You are incapable of wielding weapons or throwing items.
You cannot wear armour.
You gain extra lives every three experience levels.
((Your skin changes colour to match your surroundings (Stealth+).))
((Your flesh is cold resistant. (rC+)))


Message History

You turn into a fearsome dragon!
The slime creature quivers. x3
Two slime creatures merge to form a large slime creature.
You maul the large slime creature!!!
You tail-slap the large slime creature. You bite the large slime creature!
The large slime creature is heavily wounded.
You hit the large slime creature.
The large slime creature is heavily wounded.
Two slime creatures merge to form a very large slime creature.
You claw the very large slime creature!
The very large slime creature is moderately wounded.
A very large slime creature splits.
The slime creature hits you but does no damage.
You completely miss the slime creature.
The slime creature is moderately wounded.
The large slime creature barely misses you.
Two slime creatures merge to form a very large slime creature.
Two slime creatures merge to form an enormous slime creature.
The slime creature hits you.
You bite the enormous slime creature!!
You tail-slap the enormous slime creature, but do no damage.
You claw the enormous slime creature!
The enormous slime creature is moderately wounded.
The slime creature hits you!
You maul the enormous slime creature!!!
The enormous slime creature is heavily wounded.
The enormous slime creature hits you! The slime creature hits you.
The slime creature hits you but does no damage.
You maul the enormous slime creature!!!
The enormous slime creature is severely wounded.
The slime creature hits you but does no damage.
The enormous slime creature hits you!!
The slime creature hits you but does no damage.
You maul the enormous slime creature!!!
You tail-slap the enormous slime creature.
You bite the enormous slime creature!
The enormous slime creature is almost dead.
The enormous slime creature hits you!!!
Ouch! That really hurt!
You die...

##### ## #.... ..# .
#...#...# ...
#J#...#.#
.....#######DJ.....#
............J#######
.#######.....#
#.....# #.....#
#.....# #####'''###
#........#
#........#


You could see an enormous slime creature and 2 slime creatures.

Vanquished Creatures
  Donald (Shoals:3)
  Kirke (D:15)
  2 orc warlords (Orc:2)
  2 ironbound thunderhulks (Vaults:1)
  2 spark wasps (Depths:1)
  3 dire elephants
  4 merfolk javelineers (Shoals:4)
  Snorg (Orc:1)
  Josephine (D:14)
  6 merfolk impalers
  2 great orbs of eyes
  An ironbound frostheart (Vaults:1)
  2 merfolk aquamancers
  6 centaur warriors
  A two-headed ogre (D:13)
  2 boulder beetles
  10 death yaks
  A deep troll earth mage (D:13)
  2 merfolk avatars (Shoals:4)
  3 tengu warriors
  7 naga warriors
  A shock serpent (Snake:3)
  A deep troll shaman (Lair:5)
  An orc high priest (Orc:2)
  6 naga sharpshooters
  9 sea snakes
  An orb spider (shapeshifter) (D:13)
  3 glowing orange brains
  4 ironbound convokers
  4 lindwurms (Vaults:1)
  A wizard (Vaults:1)
  5 orc knights (Orc:2)
  A kraken simulacrum (Shoals:4)
  A deep elf archer (Shoals:1)
  23 harpies
  2 deep elf pyromancers
  8 manticores
  7 orc sorcerers
  2 mana vipers (Snake:3)
  5 ugly things
  A salamander (shapeshifter) (D:15)
  4 salamanders (Snake:3)
  15 elephants
  4 fauns
  Maurice (D:9)
  8 cyclopes
  3 vault sentinels (Vaults:1)
  A guardian serpent (Snake:3)
  5 merfolk sirens
  2 gargoyles
  A torpor snail (Lair:4)
  3 black mambas
  4 water nymphs
  3 unseen horrors
  4 cane toads
  2 rime drakes
  8 komodo dragons
  An efreet (D:15)
  A kobold demonologist (D:14)
  8 trolls
  3 meliai (D:13)
  15 merfolk
  Grinder (D:5)
  A hornet (D:10)
  6 wind drakes
  11 polar bears
  9 dream sheep
  12 blink frogs
  3 snapping turtles
  12 slime creatures
  A spriggan (shapeshifter) (D:15)
  A centaur simulacrum (D:10)
  A vampire (D:11)
  2 water elementals
  Sigmund (D:6)
  A shadow (D:7)
  15 yaks
  5 hogs (D:15)
  5 wraiths
  A basilisk (Lair:5)
  Eustachio (D:6)
  3 fire elementals
  3 wargs (Orc:2)
  5 vampire mosquitoes
  2 steam dragons
  Edmund (D:5)
  14 nagas
  7 water moccasins
  An acid dragon (D:10)
  4 black bears
  2 sky beasts
  34 orc warriors
  2 ice beasts
  3 boggarts (Vaults:1)
  10 wolves
  2 centaurs
  6 ogres
  A phantom (D:7)
  Blork the orc (D:5)
  9 bullfrogs
  3 kobold brigands
  A necrophage (D:4)
  3 scorpions
  20 wights
  2 killer bees (D:9)
  A howler monkey (D:10)
  5 electric eels
  6 nameless horrors
  5 hounds
  3 jellies
  18 orc priests
  22 orc wizards
  7 iguanas
  3 ogre zombies
  3 gnolls
  A gnoll zombie (D:9)
  An orc zombie (D:9)
  7 adders
  2 shadow imps
  3 white imps
  2 ufetubi
  A jelly zombie (D:7)
  A worm (D:3)
  72 orcs
  3 ball pythons
  2 endoplasms (D:2)
  6 giant cockroaches
  8 goblins
  5 hobgoblins
  2 jackals (D:4)
  6 quokkas
  10 bats
  A frilled lizard (D:1)
  23 kobolds
  4 rats
703 creatures vanquished.

Vanquished Creatures (collateral kills)
  Vashnia (Snake:2)
  Rupert (D:15)
  A kraken (Shoals:2)
  Frances (Snake:1)
  3 nagarajas (Snake:4)
  An orc warlord (Orc:2)
  An ironbound preserver (Vaults:1)
  A stone giant (Depths:1)
  A deep elf annihilator (Shoals:1)
  A dire elephant (D:13)
  4 merfolk impalers
  A fire dragon (Depths:1)
  A merfolk javelineer (Shoals:4)
  2 salamander tyrants (Snake:3)
  An alligator snapping turtle (Shoals:1)
  2 merfolk avatars
  A centaur warrior (D:13)
  2 two-headed ogres (D:12)
  6 anacondas
  3 tengu warriors (Depths:1)
  8 naga warriors
  An orc high priest (Orc:1)
  2 hell knights (Depths:1)
  3 shock serpents
  4 naga sharpshooters
  14 sea snakes
  2 ironbound convokers (Vaults:1)
  11 harpies
  A deep elf pyromancer (Shoals:1)
  5 naga ritualists
  A lindwurm (Lair:5)
  2 orc knights (Orc:2)
  2 deep elf zephyrmancers (Shoals:1)
  8 manticores
  2 ugly things
  2 orc sorcerers
  3 fauns
  8 salamanders
  4 mana vipers
  A shining eye (shapeshifter) (D:13)
  2 cyclopes
  A merfolk siren (Shoals:3)
  2 elephants (Lair:5)
  15 black mambas
  8 naga magi
  2 guardian serpents
  3 water nymphs
  A cane toad (Lair:5)
  A yaktaur (shapeshifter) (D:15)
  5 trolls
  A hornet (shapeshifter) (D:15)
  2 wind drakes
  14 merfolk
  A blink frog (Lair:5)
  3 dream sheep (Shoals:3)
  5 snapping turtles
  A wraith (D:12)
  6 yaks
  A basilisk (D:14)
  A water elemental (Shoals:1)
  A wyvern (D:7)
  A vampire mosquito (D:9)
  3 wargs
  32 nagas
  2 water moccasins (Lair:5)
  11 orc warriors
  4 ogres
  A bullfrog (D:7)
  A killer bee (D:9)
  2 electric eels
  2 orc priests
  12 orc wizards
  A troll simulacrum (IceCv)
  A white imp (IceCv)
  18 orcs
  An endoplasm (D:3)
  2 goblins (D:4)
  A frilled lizard (D:3)
  A rat (D:1)
291 creatures vanquished.

Vanquished Creatures (others)
  Margery (Depths:1)
  2 nagarajas
  Ilsuiw (Shoals:4)
  A frost giant (Depths:1)
  An emperor scorpion (D:15)
  Louise (D:14)
  A spark wasp (Depths:1)
  A merfolk javelineer (Shoals:4)
  A fire dragon (Depths:1)
  A hydra (D:13)
  A centaur warrior (D:15)
  An anaconda (Snake:3)
  A satyr (Shoals:3)
  2 naga warriors (Snake:3)
  4 tengu warriors
  6 naga sharpshooters
  A hell knight (Depths:1)
  A deep elf knight (Shoals:1)
  5 skeletal warriors (D:14)
  A harpy (Shoals:3)
  A deep elf archer (Shoals:1)
  A necromancer (Depths:1)
  2 orc knights
  A mana viper (Snake:1)
  3 fauns
  3 ugly things (D:14)
  A cyclops (shapeshifter) (D:13)
  A merfolk siren (Shoals:4)
  A black mamba (Lair:5)
  A cane toad (Lair:5)
  A naga mage (Snake:1)
  2 merfolk
  A wolf spider simulacrum (D:14)
  A blink frog (Lair:4)
  2 slime creatures (D:14)
  6 nagas
  A meliai simulacrum (D:15)
  2 orc warriors (Orc:2)
  A cyclops zombie (D:7)
  A wyvern zombie (D:7)
  2 troll zombies (D:7)
  A black bear zombie (D:8)
  A bullfrog zombie (D:8)
  5 kobold zombies
  14 orc zombies
  An orc (Orc:2)
  A gnoll zombie (Bailey)
  A goblin zombie (Bailey)
  A bush (Lair:3)
  61 fungi
  270 plants
  8 tentacles (Shoals:2)
  17 toadstools (D:8)
  2 withered plants (D:12)
452 creatures vanquished.

Grand Total: 1446 creatures vanquished

Notes
Turn   | Place    | Note
-------+----------+-------------------------------------------
     0 | D:1      | browni3141 the Felid Necromancer began the quest for the
                  | Orb.
     0 | D:1      | Reached XP level 1. HP: 7/7 MP: 4/4
   374 | D:1      | Reached skill level 1 in Fighting
   374 | D:1      | Reached skill level 1 in Unarmed Combat
   408 | D:1      | Reached XP level 2. HP: 11/12 MP: 4/6
  1170 | D:2      | Found a runed translucent door.
  1171 | D:2      | Noticed Crazy Yiuf
  1567 | D:3      | Found an ancient bone altar of Kikubaaqudgha.
  1577 | D:3      | Reached XP level 3. HP: 12/16 MP: 1/7
  1770 | D:3      | Learned a level 3 spell: Vampiric Draining
  1953 | D:3      | Noticed a bullfrog
  1964 | D:3      | Killed a bullfrog
  1965 | D:3      | Reached skill level 3 in Stealth
  1965 | D:3      | Reached XP level 4. HP: 12/20 MP: 0/8
  2602 | D:4      | Noticed an angel
  2603 | D:4      | Found a shimmering altar of Xom.
  2628 | D:4      | Reached XP level 5. HP: 19/23 MP: 3/9
  2799 | D:4      | Reached skill level 4 in Stealth
  2873 | D:4      | Reached skill level 1 in Evocations
  2904 | D:4      | Found a glowing silver altar of Zin.
  2910 | D:4      | Gained mutation: You are covered in thick fur. (AC +2)
                  | [Felid growth]
  2910 | D:4      | Reached XP level 6. HP: 27/27 MP: 10/10
  3037 | D:4      | Reached skill level 5 in Necromancy
  3049 | D:4      | Reached skill level 5 in Stealth
  3638 | D:4      | Found a burning altar of Makhleb.
  3638 | D:4      | Noticed a green death
  3970 | D:5      | Entered Level 5 of the Dungeon
  4030 | D:5      | Reached XP level 7. HP: 28/31 MP: 7/11
  4665 | D:5      | Noticed Edmund
  4873 | D:5      | Noticed Blork the orc
  4912 | D:5      | Noticed Grinder
  5183 | D:6      | Found a staircase to the Ecumenical Temple.
  5185 | D:6      | Noticed Sigmund
  5436 | D:6      | Reached skill level 6 in Stealth
  5455 | D:6      | Learned a level 4 spell: Animate Dead
  5675 | D:6      | Found a basalt altar of Yredelemnul.
  5692 | D:6      | Reached XP level 8. HP: 36/36 MP: 7/12
  5765 | Temple   | Entered the Ecumenical Temple
  6024 | D:6      | Killed Sigmund
  6025 | D:6      | Reached skill level 5 in Dodging
  6277 | D:6      | Found a radiant altar of Vehumet.
  6293 | D:6      | Reached skill level 7 in Stealth
  6375 | D:6      | Noticed Eustachio
  6718 | D:6      | Found a basalt altar of Yredelemnul.
  6862 | D:6      | Found a staircase to the Ecumenical Temple.
  6914 | D:6      | Found a radiant altar of Vehumet.
  8298 | D:5      | Killed Edmund
  8299 | D:5      | Reached skill level 8 in Stealth
  8638 | D:5      | Killed Blork the orc
  8651 | D:5      | Killed Grinder
  8652 | D:5      | Reached skill level 5 in Fighting
  8652 | D:5      | Reached skill level 5 in Unarmed Combat
  8652 | D:5      | Reached XP level 9. HP: 40/40 MP: 14/14
  8741 | D:6      | Killed Eustachio
  8963 | D:6      | HP: 2/41 [poisoned by a water moccasin]
  9993 | D:7      | Noticed a cyclops
 10561 | D:7      | Noticed a troll
 10561 | D:7      | Noticed a cyclops
 10563 | D:7      | Noticed a gargoyle
 10565 | D:7      | Killed a gargoyle
 10565 | D:7      | Killed a cyclops
 10581 | D:7      | Noticed a cyclops
 10584 | D:7      | Killed a troll
 10585 | D:7      | Reached XP level 10. HP: 48/48 MP: 7/15
 10594 | D:7      | Killed a cyclops
 10626 | D:7      | Noticed a purple ugly thing
 10642 | D:7      | Killed a purple ugly thing
 10776 | D:7      | Identified the +6 shortbow of the Three Teeth {flame, SInv}
 10822 | D:7      | Killed a cyclops
 11006 | D:8      | Found an iron altar of Okawaru.
 11058 | D:8      | Found a sparkling altar of Nemelex Xobeh.
 11805 | D:8      | Reached skill level 10 in Fighting
 11834 | D:8      | Reached skill level 10 in Unarmed Combat
 11967 | D:8      | Found a blossoming altar of Fedhas.
 11984 | D:8      | Noticed an oklob plant
 12479 | D:9      | Noticed Maurice
 12553 | D:9      | Killed Maurice
 12677 | D:9      | Found a glowing golden altar of the Shining One.
 12999 | D:8      | Learned a level 5 spell: Agony
 13285 | D:9      | Reached XP level 11. HP: 49/54 MP: 3/16
 13375 | D:9      | Found a transporter.
 13679 | D:9      | Found a bloodstained altar of Trog.
 13681 | D:9      | Found a stormy altar of Qazlal.
 13857 | D:9      | Found a transporter.
 13860 | D:9      | You fall into a shaft and drop 1 floor!
 13860 | D:10     | Entered Level 10 of the Dungeon
 13898 | D:10     | Found a staircase to the Lair.
 14022 | D:10     | Found Kaabocij's Weapon Shoppe.
 14046 | D:10     | Found a flagged portal.
 14077 | Bailey   | Entered a bailey
 14620 | Bailey   | Noticed an orc knight
 15203 | D:10     | Found a white marble altar of Elyvilon.
 15209 | D:10     | Became a worshipper of Elyvilon the Healer
 15392 | D:10     | Found a staircase to the Orcish Mines.
 15747 | D:10     | Learned a level 3 spell: Call Canine Familiar
 15964 | D:10     | Reached skill level 1 in Summonings
 16323 | D:9      | Was placed under penance by Elyvilon
 17764 | D:11     | Was forgiven by Elyvilon
 17872 | D:11     | Reached skill level 5 in Summonings
 18128 | D:11     | Found a portal to a secret trove of treasure.
 18223 | D:12     | Reached * piety under Elyvilon
 18269 | D:12     | Noticed a two-headed ogre
 18384 | D:12     | Noticed a two-headed ogre
 18401 | D:12     | Reached skill level 9 in Stealth
 18574 | D:12     | Found a runed translucent door.
 18575 | D:12     | Noticed Efuan's ghost (journeyman MiFi)
 18777 | D:12     | Noticed Nessos
 18785 | D:12     | Noticed a boulder beetle
 18821 | D:12     | Noticed a deep elf pyromancer
 18903 | D:12     | Reached ** piety under Elyvilon
 18925 | D:12     | Reached skill level 5 in Evocations
 19173 | D:12     | Killed a two-headed ogre
 19341 | D:12     | Reached skill level 1 in Invocations
 19761 | D:12     | Killed a two-headed ogre
 19888 | D:13     | Found a frozen archway.
 19930 | D:13     | Reached skill level 10 in Stealth
 19930 | D:13     | Gained mutation: Your thick and shaggy fur keeps you warm.
                  | (AC +3, rC+) [Felid growth]
 19930 | D:13     | Reached XP level 12. HP: 37/59 MP: 17/17
 20029 | IceCv    | Entered an ice cave
 20185 | D:13     | Noticed a boulder beetle
 20234 | D:13     | Noticed an eight-headed hydra
 20462 | D:12     | Noticed a centaur warrior
 20462 | D:12     | Noticed an ogre mage
 20662 | Lair:1   | Entered Level 1 of the Lair of Beasts
 20991 | Lair:1   | Noticed Sonja
 20992 | Lair:1   | Sonja changed into Sonja the polar bear
 20992 | Lair:1   | Noticed Sonja
 21001 | Lair:1   | Killed Sonja the polar bear
 21603 | Lair:2   | Reached *** piety under Elyvilon
 22740 | Lair:3   | Noticed a death yak
 22917 | Lair:3   | Found a staircase to the Shoals.
 22959 | Lair:3   | Reached **** piety under Elyvilon
 23023 | Lair:3   | Noticed a four-headed hydra
 23051 | Lair:3   | Noticed a death yak
 23051 | Lair:3   | Noticed a death yak
 23462 | Lair:3   | Pacified a four-headed hydra
 23548 | Lair:3   | Identified the +1 flail "Betzisai" {flame, rC+ rN++}
 23589 | Lair:3   | Noticed a death yak
 23629 | Lair:3   | Reached skill level 5 in Invocations
 23939 | Lair:3   | Noticed a death yak
 23942 | Lair:3   | Noticed a death yak
 23956 | Lair:3   | Killed a death yak
 23956 | Lair:3   | Killed a death yak
 23957 | Lair:3   | Killed a death yak
 23958 | Lair:3   | Killed a death yak
 23959 | Lair:3   | Killed a death yak
 23984 | Lair:3   | Killed a death yak
 24478 | Lair:3   | Found a staircase to the Shoals.
 24698 | Lair:4   | Reached XP level 13. HP: 64/64 MP: 18/18
 24846 | Lair:4   | HP: 2/64 [bullfrog (2)]
 24851 | Lair:4   | HP: 1/64 [bullfrog (8)]
 24868 | Lair:4   | Found a staircase to the Slime Pits.
 24874 | Lair:5   | Entered Level 5 of the Lair of Beasts
 25600 | Lair:4   | Identified the ring of Jout {Wiz +Blink Will++ Str-5
                  | Stlth+}
 25603 | Lair:4   | Got the Anthology of the Birds
 28416 | Lair:5   | Reached skill level 11 in Stealth
 28517 | Lair:5   | Reached XP level 14. HP: 63/69 MP: 7/19
 29054 | Lair:5   | Reached skill level 10 in Evocations
 29677 | Lair:2   | Found a staircase to the Snake Pit.
 29849 | Orc:1    | Entered Level 1 of the Orcish Mines
 29849 | Orc:1    | Noticed Snorg
 29862 | Orc:1    | Killed Snorg
 30117 | Orc:2    | Entered Level 2 of the Orcish Mines
 30137 | Orc:2    | Found Kugoiduk's Antique Armour Emporium.
 30277 | Orc:2    | Found a staircase to the Elven Halls.
 30436 | Orc:2    | Found Vaghim's Book Shoppe.
 30583 | Orc:2    | Found Qad Kak's General Store.
 30597 | Orc:2    | Found Hoigau Fice's Jewellery Shop.
 30600 | Orc:2    | Noticed an orc warlord
 30646 | Orc:2    | Killed an orc warlord
 30649 | Orc:2    | Reached skill level 10 in Dodging
 30859 | Orc:2    | Reached skill level 12 in Stealth
 31411 | Orc:2    | Noticed an orc warlord
 31513 | Orc:2    | Found Texeliw's Antique Weapon Shoppe.
 31699 | Orc:2    | Was placed under penance by Elyvilon
 31833 | Orc:2    | Killed an orc warlord
 31913 | Orc:2    | Identified the +6 scale mail "Luagget" {Will+ SInv}
 32119 | Orc:2    | Noticed an orc warlord
 32149 | Orc:2    | Killed an orc warlord
 32352 | Orc:2    | Got Til Uxoz's Elucidation of Lethal Glamour
 32567 | Orc:1    | HP: 3/70 [warg[an orc high priest] (15)]
 33018 | Orc:2    | Bought a book of Changes for 198 gold pieces
 33018 | Orc:2    | Bought a book of Scorching for 330 gold pieces
 33018 | Orc:2    | Bought a book of Transfigurations for 440 gold pieces
 33018 | Orc:2    | Bought a book of Callings for 220 gold pieces
 33022 | Orc:2    | Learned a level 3 spell: Summon Guardian Golem
 33390 | D:11     | Reached skill level 1 in Hexes
 33507 | D:12     | Identified the +6 spear of Talup {flame, *Noise Dex+3}
 33958 | D:12     | Noticed a fire giant
 34738 | D:13     | Found a gate to the Vaults.
 35194 | D:13     | Found a gate to the Vaults.
 35677 | D:14     | Found a glowing golden altar of the Shining One.
 35719 | D:14     | Reached XP level 15. HP: 74/74 MP: 22/22
 35847 | D:14     | Noticed Azrael
 35917 | D:14     | Was forgiven by Elyvilon
 36029 | D:14     | Noticed Josephine
 36033 | D:14     | Killed Josephine
 36039 | D:14     | HP: 2/74 [wraith[Josephine] (4)]
 36040 | D:14     | Reached skill level 5 in Spellcasting
 36140 | D:14     | Noticed Louise
 36188 | D:14     | Killed Louise
 36960 | D:15     | Entered Level 15 of the Dungeon
 37038 | D:15     | Noticed an emperor scorpion
 37415 | D:15     | Found Rimin's Antique Weapon Boutique.
 37477 | D:15     | Killed an emperor scorpion
 37693 | D:15     | Noticed Kirke
 37704 | D:15     | Killed Kirke
 37705 | D:15     | Reached skill level 13 in Stealth
 37712 | D:15     | Learned a level 6 spell: Summon Cactus Giant
 37972 | D:15     | Found a staircase to the Depths.
 38094 | D:15     | Noticed Rupert
 38117 | D:15     | Killed Rupert
 38396 | Snake:1  | Entered Level 1 of the Snake Pit
 38729 | Snake:1  | Found Xotsuav's Antique Armour Emporium.
 38779 | Snake:1  | HP: 3/70 [naga warrior/+1 mace of draining (33)]
 38779 | Snake:1  | Elyvilon protects you from harm!
 38779 | Snake:1  | Elyvilon protects you from harm!
 38954 | Snake:1  | Found Ymiwoq's Assorted Antiques.
 38960 | Snake:1  | Bought a scroll of poison for 132 gold pieces
 38960 | Snake:1  | Bought a scroll of magic mapping for 247 gold pieces
 39072 | Snake:1  | Identified a scroll of acquirement
 39097 | Snake:1  | Acquired Sif Muna's Parchment of Embers and Changes
 39103 | Snake:1  | Learned a level 3 spell: Spider Form
 39407 | Snake:1  | Noticed Frances
 39413 | Snake:1  | Reached skill level 14 in Stealth
 39413 | Snake:1  | Reached skill level 1 in Transmutations
 39428 | Snake:1  | Killed Frances
 39788 | Snake:2  | Found Waevyg's Magic Scroll Emporium.
 39796 | Snake:2  | Bought a scroll of teleportation for 39 gold pieces
 39796 | Snake:2  | Bought a scroll of teleportation for 39 gold pieces
 39796 | Snake:2  | Bought a scroll of magic mapping for 97 gold pieces
 39796 | Snake:2  | Bought a scroll of immolation for 52 gold pieces
 39896 | Snake:2  | Noticed Vashnia
 40077 | Snake:2  | HP: 1/74 [naga sharpshooter/arrow (10)]
 40303 | Snake:2  | Noticed a nagaraja
 40343 | Snake:2  | Killed a nagaraja
 40528 | Snake:2  | Slain by a shock serpent
 40529 | Snake:2  | Reached XP level 14. HP: -4/70 MP: 22/27
 40794 | Snake:2  | Reached XP level 15. HP: 74/74 MP: 19/28
 40874 | Snake:2  | Reached skill level 15 in Stealth
 41636 | Snake:2  | Killed Vashnia
 41637 | Snake:2  | Reached skill level 5 in Transmutations
 41925 | Snake:2  | Learned a level 5 spell: Blade Hands
 41931 | Snake:2  | Learned a level 5 spell: Yara's Violent Unravelling
 41937 | Snake:2  | Learned a level 5 spell: Irradiate
 42092 | Shoals:1 | Entered Level 1 of the Shoals
 42422 | Shoals:1 | HP: 2/74 [merfolk/silver boomerang (5)]
 43469 | Shoals:2 | Reached skill level 16 in Stealth
 44801 | Shoals:2 | Noticed a kraken
 44819 | Shoals:2 | Killed a kraken
 45919 | Shoals:3 | Reached skill level 17 in Stealth
 45919 | Shoals:3 | Reached XP level 16. HP: 78/78 MP: 16/30
 46113 | Shoals:3 | Lost strength.
 46113 | Shoals:3 | Gained mutation: You are weak. (Str -2) [you]
 46222 | Shoals:3 | Lost mutation: You are weak. (Str -2) [potion of mutation]
 46222 | Shoals:3 | Gained mutation: Your flesh is cold resistant. (rC+)
                  | [potion of mutation]
 46222 | Shoals:3 | Gained mutation: Your skin changes colour to match your
                  | surroundings (Stealth+). [potion of mutation]
 46475 | Shoals:3 | Elyvilon protects you from harm!
 46580 | Shoals:3 | Found Yttam's Armour Shoppe.
 47272 | Shoals:4 | Entered Level 4 of the Shoals
 47298 | Shoals:4 | HP: 2/78 [wind drake/the air (26)]
 47303 | Shoals:4 | Slain by a merfolk
 47304 | Shoals:4 | Reached XP level 15. HP: -1/74 MP: 27/29
 47730 | Shoals:4 | Reached skill level 10 in Spellcasting
 48224 | Shoals:4 | Noticed Donald
 48946 | Snake:2  | Learned a level 4 spell: Ice Form
 49219 | Snake:3  | Identified the ring "Hyptig" {rC+ rCorr Slay+2}
 49684 | Snake:3  | Reached skill level 10 in Transmutations
 50997 | Snake:3  | Killed from afar by a salamander tyrant
 50998 | Snake:3  | Reached XP level 14. HP: -11/70 MP: 26/30
 51036 | Snake:3  | Reached XP level 15. HP: 74/74 MP: 26/31
 51341 | Snake:4  | Entered Level 4 of the Snake Pit
 51758 | Snake:4  | Identified the +1 scale mail of Grottiness {rF++}
 51918 | Snake:4  | Noticed Bai Suzhen
 52484 | Snake:4  | Noticed a nagaraja
 52540 | Snake:4  | Killed a nagaraja
 52889 | Snake:4  | Noticed a nagaraja
 52942 | Snake:4  | Killed a nagaraja
 53471 | Snake:4  | Noticed a nagaraja
 53500 | Snake:4  | Killed a nagaraja
 54069 | Snake:4  | Noticed a nagaraja
 54109 | Snake:4  | Killed a nagaraja
 54342 | Snake:4  | Got a serpentine rune of Zot
 55425 | Vaults:1 | Entered Level 1 of the Vaults
 55431 | Vaults:1 | Found Anijoow's Jewellery Boutique.
 55632 | Vaults:1 | Elyvilon protects you from harm!
 56079 | Shoals:4 | Noticed Ilsuiw
 56634 | Depths:1 | Entered Level 1 of the Depths
 56719 | Depths:1 | Noticed a frost giant
 56736 | Depths:1 | Noticed Margery
 56742 | Depths:1 | Killed Margery
 56743 | Depths:1 | Killed a frost giant
 57186 | Depths:1 | Found a gateway to Hell.
 57281 | Depths:1 | Reached XP level 16. HP: 78/78 MP: 29/34
 57309 | Depths:1 | Learned a level 7 spell: Dragon Form
 57892 | Shoals:3 | Learned a level 2 spell: Lesser Beckoning
 57909 | Shoals:3 | Killed Donald
 58058 | Shoals:4 | Reached skill level 1 in Translocations
 58460 | Shoals:4 | Killed Ilsuiw
 58803 | Shoals:4 | Reached skill level 5 in Translocations
 58809 | Shoals:4 | Got a barnacled rune of Zot
 59882 | Shoals:4 | Reached skill level 18 in Stealth
 60545 | Vaults:1 | Elyvilon protects you from harm!
 61638 | Vaults:1 | Slain by an enormous slime creature

Illustrated notes

Levels and vault maps discovered:
D:1:      minmay_arrival_stone_box, layout_loops_ring
D:2:      layout_basic, uniq_crazy_yiuf_cottage
D:3:      layout_basic, kiku_gazebo_garden_becter, kennysheep_generic_room_6
D:4:      layout_basic, grunt_temple_overflow_order_and_chaos_1,
          makhleb_altar_promises_db, minmay_ruptured
D:5:      layout_basic, uniq_grinder, uniq_blork_the_orc, uniq_edmund
D:6:      layout_gridville, overflow_temple_1_default, lemuel_crystal_altar,
          temple_fountains, moated_statue, minmay_fractal_squares_5,
          uniq_eustachio, uniq_sigmund
D:7:      minmay_the_grid_octo_tiled_squarecenter [minmay_the_grid_octo_77,
          minmay_the_grid_octo_empty, minmay_the_grid_octo_vomiting_pacman,
          minmay_the_grid_octo_tetromino_candy,
          minmay_the_grid_square_5x5_megaprize_checkered,
          minmay_the_grid_square_5x5_beaten_path,
          minmay_the_grid_square_5x5_hollow_slash,
          minmay_the_grid_square_5x5_two_walls_b, minmay_the_grid_square_5x5_z],
          layout_rooms
D:8:      layout_loops_ring, lemuel_crystal_altar, tgw_fedhas,
          lemuel_doored_altar
D:9:      gammafunk_cloud_chamber, layout_long_grid,
          mainiacjoe_overflow_24_doors, amethyst_overflow_temple_binary,
          eino_curves_04, uniq_maurice
D:10:     layout_stronghold, mainiacjoe_overflow_cross_hatched,
          lair_entry_dummy, orc_0_dummy, serial_shops, shop, enter_bailey_4,
          serial_ice, serial_ice_l, serial_ice_h, serial_ice_d, serial_ice_n
D:11:     layout_cave_pools, trove_entry_hex_spiral
D:12:     minmay_shrinking_squares, layout_stronghold, gammafunk_ghost_grave,
          uniq_nessos
D:13:     layout_long_grid, david_vaults_2, portal_ice_cave_entry_pillars_1
D:14:     layout_loops_ring, serial_glass, glass_columns_a, glass_columns_a,
          tso_metal_star, uniq_azrael, uniq_louise, uniq_josephine
D:15:     hangedman_depths_entry_try_elsewhere_first, layout_loops_ring,
          serial_shops, shop, uniq_rupert, uniq_kirke
Temple:   kb_temple_of_zot
Lair:1:   minmay_lair_oklob_tunnel, layout_loops_ring,
          infiniplex_staircase_pool_2, uniq_sonja
Lair:2:   layout_concentric_octagons, nicolae_snake_entry_squirm,
          serial_bayou_pond_e
Lair:3:   layout_chaotic_city, elwin_shoals_entry_rooms,
          nicolae_lair_grove_arrangements, nicolae_lair_grazing_beasts
          [nicolae_sub_lair_graze_edge, nicolae_sub_lair_graze_edge,
          nicolae_sub_lair_graze_edge, nicolae_sub_lair_graze_edge]
Lair:4:   layout_long_grid, slime_entry_1, st_stairs_10,
          nicolae_quartered_pool_super, eino_small_chamber_without_monster,
          cheibrodos_lair_lostbears
Lair:5:   grunt_lair_end_beastmaster, layout_misc_corridors, grunt_megastairs_2
Shoals:1: nicolae_shoals_deep_elves_summer_vacation, layout_shoals
Shoals:2: layout_shoals
Shoals:3: layout_shoals, serial_shops, nicolae_stop_n_shop_1
Shoals:4: shoals_end_grunt_ice, layout_shoals, shoals_ilsuiw_ice, uniq_donald
Snake:1:  cheibrodos_snake_ritualist_ritual, layout_concentric_octagons,
          serial_shops, nicolae_shop_stone, lemuel_fruit_tree, minmay_shop_star,
          uniq_frances
Snake:2:  layout_concentric_octagons, serial_shops, shop, uniq_vashnia
Snake:3:  layout_grid_shapes, serial_bayou_ford_a, serial_bayou_lake_a,
          grunt_megastairs_5
Snake:4:  minmay_snake_end_coiled, layout_gridlike, uniq_bai_suzhen
Orc:1:    layout_diamond_mine, uniq_snorg
Orc:2:    grunt_orc_gardens, layout_caves, grunt_orc_garden, grunt_orc_garden,
          grunt_orc_garden, grunt_orc_garden, serial_shops,
          nicolae_shop_crystal, minmay_orc_treasury
Vaults:1: hangedman_vaults_stitches, grunt_vaults_diagonal,
          vaults_mumra_minichess_inversion, serial_ice_g,
          nicolae_vaults_stairing_the_circle, ontoclasm_vaults_eye,
          nicolae_vaults_asterisk, ontoclasm_vaults_echo,
          vaults_room_grunt_arrival_ludios, v_misc_5, layout_vaults_omnicross,
          serial_shops, shop
Depths:1: layout_gridlike, serial_glass, glass_columns_c, glass_columns_a,
          chequers_jeans, grunt_metal_band, grunt_tower_of_power,
          serial_bayou_shore_a, firewood_loft

Skill      XL: |  1  2  3  4  5  6  7  8  9 10 11 12 13 14 15 16 |
---------------+-------------------------------------------------+-----
Fighting       | 1 2 3 5 8 10 11 12 13 | 13.6
Unarmed Combat | 1 2 3 5 8 10 11 13 14 | 14.4
Stealth        | 3 4 5 6 8 10 11 12 17 18 | 18.6
Evocations     | 1 3 4 5 7 9 10 | 10.6
Necromancy     | 5 6 |  6.5
Dodging        | 3 4 5 7 8 9 12 13 14 | 14.2
Spellcasting   | 3 4 13 | 13.0
Summonings     | 5 6 7 9 |  9.0
Invocations    | 2 5 |  5.0
Hexes          | 4 |  4.0
Transmutations | 4 12 14 | 14.0
Translocations | 5 |  5.0

Action                     |  1- 3 |  4- 6 |  7- 9 | 10-12 | 13-15 | 16-18 || total
---------------------------+-------+-------+-------+-------+-------+-------++-------
  Melee: Unarmed           |    21 |    38 |   156 |   894 |  1448 |   264 ||  2821
         Punch             |     1 |     1 |     3 |    85 |   157 |    34 ||   281
         Bite              |       |     3 |    26 |   139 |   233 |    45 ||   446
         Tailslap          |       |       |       |       |       |    33 ||    33
   Cast: Necrotise         |    68 |    77 |   144 |    80 |       |       ||   369
         Vampiric Draining |       |       |    14 |    22 |       |       ||    36
         Animate Dead      |       |       |     6 |    10 |     2 |       ||    18
         Call Canine Famil |       |       |       |   112 |   232 |     9 ||   353
         Agony             |       |       |       |     8 |       |       ||     8
         Summon Guardian G |       |       |       |       |   102 |     9 ||   111
         Summon Cactus Gia |       |       |       |       |   191 |    20 ||   211
         Blade Hands       |       |       |       |       |    24 |     7 ||    31
         Ice Form          |       |       |       |       |    16 |       ||    16
         Irradiate         |       |       |       |       |    12 |       ||    12
         Yara's Violent Un |       |       |       |       |     2 |     5 ||     7
         Dragon Form       |       |       |       |       |       |    40 ||    40
         Lesser Beckoning  |       |       |       |       |       |    10 ||    10
 Invoke: Heal Other        |       |       |       |     2 |    42 |       ||    44
         Heal Self         |       |       |       |       |    20 |     9 ||    29
         Purification      |       |       |       |       |     3 |     1 ||     4
Ability: Evoke Blink       |       |       |       |       |     4 |     8 ||    12
         End Transformatio |       |       |       |       |     1 |     3 ||     4
         Breathe Fire      |       |       |       |       |       |    15 ||    15
  Evoke: Wand              |     2 |     3 |    22 |    14 |    25 |     3 ||    69
         Piece from Xom's  |       |       |       |    16 |       |       ||    16
         Condenser vane    |       |       |       |     3 |     7 |     3 ||    13
         Lightning rod     |       |       |       |       |    18 |     6 ||    24
         Phantom mirror    |       |       |       |       |     5 |     2 ||     7
         Phial of floods   |       |       |       |       |     4 |     2 ||     6
         Tin of tremorston |       |       |       |       |       |     2 ||     2
    Use: Scroll            |       |     4 |     5 |    14 |    26 |    11 ||    60
         Potion            |       |     1 |     1 |     4 |    16 |     2 ||    24
   Stab: Sleeping          |     4 |       |    11 |    12 |    37 |     5 ||    69
         Invisible         |       |     3 |     3 |       |    16 |       ||    22
         Distracted        |       |       |       |     8 |    21 |     2 ||    31
         Petrified         |       |       |       |     1 |       |       ||     1
 Armour: Skin              |     3 |     2 |    10 |    42 |    76 |    97 ||   230
  Dodge: Dodged            |    31 |    40 |   129 |   868 |  1793 |   255 ||  3116

Table legend: (Time is in decaauts)
 A = Elapsed time spent in this place.
 B = Non-inter-level travel time spent in this place.
 C = Inter-level travel time spent in this place.
 D = Time resting spent in this place.
 E = Time spent auto-exploring this place.
 F = Levels seen in this place.
 G = Mean time per level.
                   A        B        C        D        E       F      G
               +--------+--------+--------+--------+--------+-----+--------+
         Total |  54816 |  50099 |   4717 |  13033 |  20326 |  35 | 1566.2 |
       Dungeon |  22187 |  19713 |   2474 |   3674 |   9514 |  15 | 1479.1 |
        Temple |    114 |     72 |     42 |      0 |     66 |   1 |  114.0 |
          Lair |   8518 |   7362 |   1156 |    930 |   3743 |   5 | 1703.6 |
        Shoals |   8913 |   8319 |    594 |   3720 |   2276 |   4 | 2228.2 |
     Snake Pit |   9303 |   8973 |    330 |   3089 |   3367 |   4 | 2325.8 |
  Orcish Mines |   2742 |   2625 |    117 |    324 |    905 |   2 | 1371.0 |
        Vaults |   1268 |   1268 |      0 |    453 |    293 |   1 | 1268.0 |
        Depths |    834 |    834 |      0 |    484 |     39 |   1 |  834.0 |
        Bailey |    843 |    843 |      0 |    356 |    119 |   1 |  843.0 |
      Ice Cave |     90 |     90 |      0 |      0 |      0 |   1 |   90.0 |
               +--------+--------+--------+--------+--------+-----+--------+

Top non-repeatable levels by time:
 Snake:4: 3411 daAuts
Shoals:4: 2886 daAuts
  Lair:5: 2772 daAuts
Shoals:3: 2494 daAuts
 Snake:2: 2277 daAuts
     D:7: 2247 daAuts
     D:6: 2240 daAuts
    D:13: 2236 daAuts
 Snake:3: 2174 daAuts
   Orc:2: 2134 daAuts
    D:12: 2109 daAuts
  Lair:3: 1897 daAuts
Shoals:2: 1840 daAuts
    D:10: 1738 daAuts
     D:9: 1717 daAuts
